 Dungeon Crawl Stone Soup version 0.23.2 (webtiles) character file.

Game seed: 14413051113114864908

6486 wisty the Basher (level 10, -3/84 HPs)
             Began as a Minotaur Berserker on Apr 3, 2019.
             Was a High Priest of Trog.
             Shot with an arrow by a centaur warrior (13 damage)
             ... on level 10 of the Dungeon on Apr 4, 2019.
             The game lasted 01:03:28 (8765 turns).

wisty the Basher (Minotaur Berserker)               Turns: 8765, Time: 01:03:29

Health: -3/84      AC: 12    Str: 23    XL:     10   Next: 68%
Magic:  9/9        EV: 14    Int:  4    God:    Trog [*****.]
Gold:   563        SH:  5    Dex: 12    Spells: 9/9 levels left

rFire    . . .     SeeInvis .   u - +2 flail (holy)
rCold    . . .     Gourm    .   i - +0 buckler
rNeg     + . .     Faith    .   b - +0 acid dragon scales
rPois    .         Spirit   .   (helmet restricted)
rElec    .         Reflect  .   h - +0 cloak
rCorr    +         Harm     .   q - +0 pair of gloves
MR       .....                  t - +0 pair of boots
Stlth    ++........             e - amulet of inaccuracy
HPRegen  0.24/turn              f - ring of positive energy
MPRegen  0.11/turn              C - ring of stealth

@: no status effects
A: retaliatory headbutt, horns 2
a: Berserk, Trog's Hand, Brothers in Arms, Renounce Religion


You were on level 10 of the Dungeon.
You worshipped Trog.
Trog was extremely pleased with you.
You were not hungry.

You visited 1 branch of the dungeon, and saw 10 of its levels.

You collected 563 gold pieces.

Inventory:

Hand Weapons
 u - a +2 flail of holy wrath (weapon)
 x - a +0 shortbow
 M - a +3 dire flail of crushing
Missiles
 d - 327 stones (quivered)
 y - 78 arrows
Armour
 b - +0 acid dragon scales (worn)
 h - a +0 cloak (worn)
 i - a +0 buckler (worn)
 q - a +0 pair of gloves (worn)
 t - a +0 pair of boots (worn)
Magical Staves
 O - an uncursed staff of cold {unknown}
Jewellery
 e - an amulet of inaccuracy (around neck)
 f - a ring of positive energy (left hand)
 C - a ring of stealth (right hand)
Wands
 l - a wand of polymorph (16)
 o - a wand of paralysis (17)
 D - a wand of flame (14)
 K - a wand of iceblast (9)
Scrolls
 a - a scroll of amnesia
 j - 4 scrolls of fog
 m - 2 scrolls of immolation
 n - 5 scrolls of enchant weapon
 F - 2 scrolls of teleportation
 G - 3 scrolls of remove curse
 I - 2 scrolls of fear {unknown}
 J - a scroll of magic mapping {unknown}
 L - a scroll of brand weapon {unknown}
Potions
 g - 4 potions of brilliance
 k - a potion of haste
 p - a potion of flight
 r - a potion of mutation
 s - 2 potions of heal wounds
 v - a potion of ambrosia {unknown}
 w - a potion of resistance {unknown}
 z - a potion of cancellation {unknown}
 A - 2 potions of might {unknown}
 B - a potion of lignification {unknown}
 E - 6 potions of curing
 H - a potion of magic {unknown}
Comestibles
 c - 24 rations
 N - 4 chunks of flesh


   Skills:
 + Level 6.5 Fighting
 - Level 14.0 Maces & Flails
 + Level 8.7 Armour
 + Level 5.3 Dodging
 - Level 0.1 Stealth
 - Level 7.0 Shields


You had 9 spell levels left.
You didn't know any spells.
Your spell library contained the following spells:

 Spells                   Type           Power        Failure   Level  Hunger
 Beastly Appendage        Tmut           #.....       56%         1    ##.....
 Freeze                   Ice            #...         56%         1    ##.....
 Sticks to Snakes         Tmut           #.......     71%         2    ###....
 Throw Frost              Conj/Ice       #.....       71%         2    ###....
 Ozocubu's Armour         Chrm/Ice       #.......     90%         3    ####...
 Spider Form              Tmut/Pois      #.........   90%         3    ####...
 Ice Form                 Ice/Tmut       #.......     100%        4    #####..
 Summon Ice Beast         Ice/Summ       #.......     100%        4    #####..
 Throw Icicle             Conj/Ice       #.......     100%        4    #####..
 Blade Hands              Tmut           #.........   100%        5    ######.


Dungeon Overview and Level Annotations

Branches:
Dungeon (10/15)            Temple (0/1) D:5            Lair (0/6) D:8
    Orc (0/2) D:9

Altars:
Ashenzari
Dithmenos
Nemelex Xobeh


Innate Abilities, Weirdness & Mutations

You reflexively headbutt those who attack you in melee.
You have a pair of horns on your head.


Message History

You headbutt the shadow imp!
You kill the shadow imp!
Trog accepts your kill.
You swing at nothing.
Eating one of 5 chunks of flesh.
You eat one of the 5 chunks of flesh.
This raw flesh tastes terrible.
You see here a howler monkey skeleton.
g - 4 potions of brilliance (gained 1)
You feel yourself speed up.
The centaur warrior is too close now for your liking.
You recover from your berserk rage.
The centaur warrior shouts!
The centaur warrior shoots an arrow.
The arrow hits you!
* * * LOW HITPOINT WARNING * * *
You see here an arrow.
The centaur warrior shoots an arrow.
The arrow hits you!
* * * LOW HITPOINT WARNING * * *
You see here an arrow.
The centaur warrior shoots an arrow.
The arrow hits you!
You die...

#.# ##### #.# ...# #<#
######.######.# #.
#...........#.####.
.##.##.##.###.##.#......
#.......c.#
#รท..........
##..#..#.###.####......
#....@......# .......
#....(###.### #######
#....(###.####
#.............
##...######### #... #...
#... #..#


You could see a centaur warrior.

Vanquished Creatures
  A hydra (D:8)
  Psyche (D:9)
  A troll (D:9)
  2 dream sheep (D:8)
  A wyvern (D:8)
  7 yaks
  A hungry ghost (D:9)
  Menkaure (D:4)
  2 ice beasts
  5 sky beasts
  4 phantoms
  6 ogres
  2 centaurs
  3 big kobolds (D:8)
  4 bullfrogs
  A scorpion (D:6)
  A troll zombie (D:9)
  6 howler monkeys
  A crimson imp (D:9)
  A quasit (D:7)
  3 hounds
  A jelly (D:4)
  An orc priest (D:9)
  3 iguanas
  Natasha (thrice) (D:4)
  3 orc wizards
  5 worker ants
  5 ogre zombies (D:9)
  A hound zombie (D:5)
  A worker ant zombie (D:5)
  11 adders
  8 gnolls
  A howler monkey skeleton (D:6)
  4 shadow imps
  An ooze (D:4)
  An adder zombie (D:6)
  3 worms
  3 dart slugs
  4 leopard geckos
  22 orcs
  A ball python (D:1)
  13 giant cockroaches
  10 goblins
  7 hobgoblins
  17 jackals
  7 kobolds
  4 quokkas
  9 bats
  4 frilled lizards
  2 goblin zombies (D:9)
  A hobgoblin skeleton (D:9)
  3 orc skeletons (D:9)
  13 orc zombies (D:9)
  2 quokka zombies
  A rat (D:3)
  A plant (D:8)
230 creatures vanquished.

Notes
Turn   | Place    | Note
-------+----------+-------------------------------------------
     0 | D:1      | wisty the Minotaur Berserker began the quest for the Orb.
     0 | D:1      | Reached XP level 1. HP: 19/19 MP: 0/0
   254 | D:1      | Reached skill level 4 in Maces & Flails
   477 | D:1      | Reached XP level 2. HP: 27/27 MP: 1/1
   828 | D:1      | Reached XP level 3. HP: 33/33 MP: 2/2
   895 | D:1      | Reached skill level 5 in Maces & Flails
  1341 | D:2      | Reached ** piety under Trog
  1610 | D:3      | Reached XP level 4. HP: 40/40 MP: 3/3
  1725 | D:3      | Reached skill level 6 in Maces & Flails
  2280 | D:3      | Noticed a sky beast
  2280 | D:3      | a worm changed into a sky beast
  2293 | D:3      | Killed a sky beast
  2293 | D:3      | Reached skill level 7 in Maces & Flails
  2293 | D:3      | Reached XP level 5. HP: 11/46 MP: 4/4
  2552 | D:3      | Noticed an ogre
  2559 | D:3      | Killed an ogre
  2559 | D:3      | Reached skill level 8 in Maces & Flails
  2559 | D:3      | Reached XP level 6. HP: 52/52 MP: 5/5
  2939 | D:4      | Noticed Natasha
  2950 | D:4      | Killed Natasha
  2989 | D:4      | Noticed Natasha
  2992 | D:4      | Found a shadowy altar of Dithmenos.
  2996 | D:4      | Killed Natasha
  3098 | D:4      | Noticed Natasha
  3105 | D:4      | Killed Natasha
  3105 | D:4      | Reached *** piety under Trog
  3142 | D:4      | Reached skill level 9 in Maces & Flails
  3153 | D:4      | Reached XP level 7. HP: 49/58 MP: 6/6
  3305 | D:4      | Noticed Menkaure
  3311 | D:4      | Killed Menkaure
  3311 | D:4      | Reached skill level 10 in Maces & Flails
  3795 | D:5      | Entered Level 5 of the Dungeon
  4273 | D:5      | Found a staircase to the Ecumenical Temple.
  4498 | D:5      | Reached skill level 1 in Shields
  4565 | D:5      | Reached **** piety under Trog
  4606 | D:5      | Reached skill level 11 in Maces & Flails
  4606 | D:5      | Reached XP level 8. HP: 66/66 MP: 7/7
  5159 | D:6      | Reached skill level 12 in Maces & Flails
  5860 | D:7      | Reached XP level 9. HP: 67/71 MP: 8/8
  6010 | D:7      | Reached skill level 13 in Maces & Flails
  6516 | D:8      | Reached skill level 14 in Maces & Flails
  6516 | D:8      | Reached skill level 5 in Armour
  6659 | D:8      | Noticed a three-headed hydra
  6668 | D:8      | Killed a three-headed hydra
  6670 | D:8      | Reached ***** piety under Trog
  6677 | D:8      | Got an ichor-stained halberd
  6998 | D:8      | Reached XP level 10. HP: 78/78 MP: 9/9
  7119 | D:8      | Found a staircase to the Lair.
  7610 | D:9      | Found a staircase to the Orcish Mines.
  7662 | D:9      | Reached skill level 5 in Fighting
  7800 | D:9      | Found a shattered altar of Ashenzari.
  8188 | D:9      | Found a sparkling altar of Nemelex Xobeh.
  8221 | D:9      | Noticed Psyche
  8248 | D:9      | Killed Psyche
  8248 | D:9      | Received a gift from Trog
  8609 | D:10     | Entered Level 10 of the Dungeon
  8658 | D:10     | Reached skill level 5 in Dodging
  8694 | D:10     | Noticed a centaur warrior
  8765 | D:10     | Shot with an arrow by a centaur warrior

Skill      XL: |  1  2  3  4  5  6  7  8  9 10 |
---------------+-------------------------------+-----
Maces & Flails | 4 5 7 8 9 11 12 14 | 14.0
Shields        | 1 3 7 |  7.0
Armour         | 3 4 6 8 |  8.7
Fighting       | 6 |  6.5
Dodging        | 5 |  5.3
Stealth        | |  0.1

Action                   |  1- 3 |  4- 6 |  7- 9 | 10-12 || total
-------------------------+-------+-------+-------+-------++-------
Melee: Mace              |    96 |   103 |    59 |       ||   258
       Headbutt          |    10 |    14 |    50 |    38 ||   112
       Flail             |       |       |   196 |   198 ||   394
Invok: Berserk           |       |     2 |     4 |     5 ||    11
       Trog's Hand       |       |     1 |       |       ||     1
Evoke: Wand              |       |     1 |       |       ||     1
  Use: Scroll            |     6 |     1 |     5 |     5 ||    17
       Potion            |       |     1 |       |     1 ||     2
 Stab: Sleeping          |       |       |     1 |     1 ||     2
  Eat: Chunk             |     1 |     5 |    12 |     6 ||    24
       Ration            |     1 |       |     1 |     2 ||     4
Armor: Animal skin       |    13 |       |       |       ||    13
       Ring mail         |    15 |    33 |    19 |       ||    67
       Acid dragon scale |       |       |    57 |    45 ||   102
Dodge: Dodged            |    75 |    78 |    91 |    65 ||   309
Block: Buckler           |       |       |    25 |    45 ||    70
